 Dungeon Crawl Stone Soup version 0.30.1-9-gdf580d7c3d (webtiles) character file.

Game seed: 15383353210188160162

21 Ironcache the Trooper (level 2, 0/31 HPs)
             Began as an Ogre Reaver on Oct 4, 2023.
             Slain by a gnoll
             ... wielding a +0 club
              (5 damage)
             ... on level 2 of the Dungeon.
             The game lasted 00:03:02 (729 turns).

Ironcache the Trooper (Ogre Reaver)                  Turns: 729, Time: 00:03:03

Health: 0/31       AC:  3    Str: 15    XL:     2   Next: 87%
Magic:  5/5        EV:  9    Int: 14    God:
Gold:   21         SH:  0    Dex:  7    Spells: 5/6 levels left

rFire   . . .        a - +0 mace
rCold   . . .        (no shield)
rNeg    . . .        b - +0 robe
rPois   .            (helmet restricted)
rElec   .            (no cloak)
rCorr   .            (gloves unavailable)
SInv    .            (boots unavailable)
Will    .....        (no amulet)
Stlth   +            (no ring)
HPRegen 0.25/turn    (no ring)
MPRegen 0.09/turn

%: no passive effects
@: no status effects
A: large, unfitting armour, tough skin 1
a: no special abilities


You were on level 2 of the Dungeon.
You visited 1 branch of the dungeon, and saw 2 of its levels.

You collected 21 gold pieces.

Inventory:

Hand Weapons
 a - a +0 mace (weapon)
Armour
 b - a +0 robe (worn)
Magical Staves
 f - a staff of death
Scrolls
 c - a scroll of enchant armour {unknown}
 d - a scroll of butterflies {unknown}
 e - a scroll of teleportation {unknown}
 g - a scroll of vulnerability {unknown}
Potions
 h - a potion of invisibility {unknown}
 i - a potion of brilliance {unknown}


   Skills:
 + Level 3.1 Fighting
 + Level 2.9 Maces & Flails
 - Level 2.0 Dodging
 + Level 2.7 Spellcasting
 + Level 2.9 Conjurations


You had 5 spell levels left.
You knew the following spells:

 Your Spells              Type           Power      Damage    Failure   Level
a - Kiss of Death         Conj/Necr      24%        2d7       12%         1

Your spell library contained the following spells:

 Spells                   Type           Power      Damage    Failure   Level
 Momentum Strike          Conj/Tloc      12%        3d8       19%         2
 Hailstorm                Conj/Ice       6%         3d4       36%         3


Dungeon Overview and Level Annotations

Branches:
Dungeon (2/15)

Altars:

Shops:
D:1 *


Innate Abilities, Weirdness & Mutations

You are too large for most types of armour.
You have tough skin. (AC +1)


Message History

There is an open door here.
You see here a +0 ring mail.
An endoplasm comes into view.
The endoplasm quivers.
You sock the endoplasm!
You kill the endoplasm!
Done exploring.
Done exploring.
You have nothing you can fire or use right now.
You can't go down here!
There are no items here.
You can't go down here!
There are no items here.
(D) Dungeon
Where to? (? - help)
There is a stone staircase leading down here.
You climb downwards.
The gnoll shouts! x2; You hear a shout!
There is a stone staircase leading up here.
There are monsters nearby!
A goblin comes into view. It is wielding a +0 dagger.
The gnoll hits you but does no damage.
A gnoll comes into view. It is wielding a +0 spear.
You closely miss the gnoll.
The gnoll shouts!
The gnoll hits you from afar with a +0 spear.
You closely miss the gnoll.
The gnoll hits you from afar with a +0 spear.
The gnoll hits you with a +0 club.
You barely miss the gnoll. The gnoll hits you with a +0 club!
The gnoll hits you from afar with a +0 spear.
* * * LOW HITPOINT WARNING * * *
You hit the goblin.
You kill the goblin!
The gnoll hits you with a +0 club.
* * * LOW HITPOINT WARNING * * *
There is a stone staircase leading up, spattered with blood here.
You see here a +0 dagger.
The gnoll hits you with a +0 club.
You die...

.# .# .# ##
.# ## ..
.##...
#.###......
#..@..#
####g## #g#
#.# #g# #..
###


You could see 3 gnolls.

Vanquished Creatures
  2 bats (D:1)
  2 endoplasms (D:1)
  A giant cockroach (D:1)
  A goblin (D:2)
  3 kobolds (D:1)
  A quokka (D:1)
  5 ball pythons (D:1)
  4 frilled lizards (D:1)
  2 rats (D:1)
21 creatures vanquished.

Notes
Turn   | Place    | Note
-------+----------+-------------------------------------------
     0 | D:1      | Ironcache the Ogre Reaver began the quest for the Orb.
     0 | D:1      | Reached XP level 1. HP: 22/22 MP: 3/3
   144 | D:1      | Found Qauthryo's Assorted Antiques.
   261 | D:1      | Reached XP level 2. HP: 29/29 MP: 5/5
   324 | D:1      | Reached skill level 3 in Fighting
   729 | D:2      | Slain by a gnoll

Illustrated notes

Levels and vault maps discovered:
D:1:      dpeg_arrival_concentric_ovals, layout_basic, serial_shops,
          nicolae_shop_dealshenge
D:2:      layout_loops_ring, hellmonk_ecumenical_altar_lost_god, uniq_natasha,
          uniq_terence

Skill      XL: |  1  2 |
---------------+-------+-----
Fighting       | 3 |  3.1
Dodging        | 2 |  2.0
Maces & Flails | |  2.9
Spellcasting   | |  2.7
Conjurations   | |  2.9

Action                     || total
---------------------------++-------
  Melee: Mace              ||    62
         Punch             ||     1
 Armour: Robe              ||    33
  Dodge: Dodged            ||    33
